 Dungeon Crawl Stone Soup version 0.19.5 (webtiles) character file.

168 QuCean the Ruffian (level 5, -3/52 HPs)
             Began as a Troll Monk on May 4, 2017.
             Killed from afar by an orc wizard (8 damage)
             ... with a puff of flame
             ... on level 3 of the Dungeon.
             The game lasted 00:10:17 (2610 turns).

QuCean the Ruffian (Troll Monk)                     Turns: 2610, Time: 00:10:18

Health: -3/52      AC:  5    Str: 20    XL:     5   Next: 23%
Magic:  4/4        EV: 11    Int:  6    God:
Gold:   56         SH:  0    Dex: 12    Spells: 0 memorised, 4 levels left

rFire  . . .     SeeInvis .       - Unarmed
rCold  . . .     Gourm    +     a - +0 robe
rNeg   . . .     Faith    .     (no shield)
rPois  .         Spirit   .     (helmet restricted)
rElec  .         Reflect  .     (no cloak)
rCorr  .         Harm     .     (gloves unavailable)
MR     .....                    (boots unavailable)
Stlth  ++........               (no amulet)
                                (no ring)
                                (no ring)

@: lethally poisoned (-3 -> -4)
A: unfitting armour, claws 3, fast metabolism 3, gourmand, regeneration 1,
shaggy fur 1, tough skin 2
a: no special abilities


You were on level 3 of the Dungeon.
You were not hungry.

You visited 1 branch of the dungeon, and saw 3 of its levels.

You collected 56 gold pieces.

Inventory:

Armour
 a - a +0 robe (worn)
 c - a +0 plate armour
Scrolls
 e - 3 scrolls of remove curse
 i - a scroll of magic mapping {unknown}
 k - a scroll of teleportation {unknown}
 p - 2 scrolls of random uselessness
 t - a scroll of recharging {unknown}
Potions
 d - 2 potions of flight
 f - 2 potions of heal wounds {unknown}
 g - a potion of haste {unknown}
 h - a potion of ambrosia {unknown}
 j - a potion of resistance {unknown}
 l - a potion of lignification {unknown}
 m - a potion of curing {unknown}
 n - a potion of might {unknown}
 q - 2 potions of berserk rage {unknown}
Comestibles
 b - 2 bread rations
 o - a beef jerky


   Skills:
 + Level 2.8 Fighting
 + Level 3.2 Dodging
 + Level 1.3 Stealth
 + Level 4.8 Unarmed Combat


You had 4 spell levels left.
You didn't know any spells.

Dungeon Overview and Level Annotations

Branches:
Dungeon (3/15)

Altars:

Annotations:
D:3 ZombieAlien's ghost, weakling TrFi


Innate Abilities, Weirdness & Mutations

You are too large for most types of armour.
You have claws for hands.
Your metabolism is lightning-fast.
You like to eat raw meat.
Your natural rate of healing is unusually fast.
You are covered in fur. (AC +1)
You have very tough skin. (AC +2)


Message History

You scratch something.
You feel sick. The orc barely misses you. Something hits you.
* * * LOW HITPOINT WARNING * * *
You scratch the orc but do no damage. Something hits you but does no damage.
The orc barely misses you.
You barely miss the orc. Something hits you but does no damage.
The orc closely misses you.
You scratch the orc.
The orc is lightly wounded.
You hear some strange, mumbled words.
A magic dart appears from out of thin air!
The magic dart hits you!
* * * LOW HITPOINT WARNING * * *
ZombieAlien's ghost closely misses you. The orc misses you.
You scratch the orc but do no damage.
The orc is lightly wounded.
You hear some strange, mumbled words.
A puff of flame appears from out of thin air!
The puff of flame hits you!
You die...

#. # #. #. #.
.##.##.##
.......#
###.#...###
........†@####.#
##....<.oW....#
#.....<†..###.#
#.#........... #
#...$..[.....
#.....#.###.#
#..(..!.# #
##.##.### .. ..#


You could see ZombieAlien's ghost and an orc.

Vanquished Creatures
  An orc priest (D:2)
  6 adders
  An ooze (D:1)
  A worm (D:2)
  3 dart slugs
  2 leopard geckos (D:2)
  An orc (D:3)
  8 bats
  2 giant cockroaches
  9 goblins
  7 hobgoblins
  10 jackals
  3 kobolds
  2 quokkas (D:2)
  3 frilled lizards
  6 rats
  A plant (D:1)
66 creatures vanquished.

Notes
Turn   | Place    | Note
-------+----------+-------------------------------------------
     0 | D:1      | QuCean the Troll Monk began the quest for the Orb.
     0 | D:1      | Reached XP level 1. HP: 22/22 MP: 0/0
   294 | D:1      | Reached XP level 2. HP: 28/29 MP: 1/1
   951 | D:1      | Reached XP level 3. HP: 32/36 MP: 2/2
  1424 | D:2      | Reached skill level 4 in Unarmed Combat
  1502 | D:2      | Reached XP level 4. HP: 44/44 MP: 3/3
  2286 | D:2      | Reached XP level 5. HP: 34/52 MP: 4/4
  2604 | D:3      | Noticed ZombieAlien's ghost (weakling TrFi)
  2610 | D:3      | Killed from afar by an orc wizard

Skill      XL: |  1  2  3  4 |
---------------+-------------+-----
Unarmed Combat | 4 |  4.8
Dodging        | 3 |  3.2
Fighting       | |  2.8
Stealth        | |  1.3

Action                   |  1- 3 |  4- 6 || total
-------------------------+-------+-------++-------
Melee: Unarmed           |   101 |    85 ||   186
       Punch             |     1 |       ||     1
  Use: Scroll            |     2 |     1 ||     3
 Stab: Sleeping          |     3 |     2 ||     5
  Eat: Chunk             |     6 |    14 ||    20
       Bread ration      |     1 |       ||     1
Armor: Robe              |    40 |    47 ||    87
Dodge: Dodged            |    47 |    87 ||   134
